 Dungeon Crawl Stone Soup version 0.28.0-62-gf88900778d (webtiles) character file.

Game seed: 16126956312009646676

47780 cbfl8 the Tortoise (level 14, -10/111 HPs)
             Began as a Minotaur Fighter on July 8, 2023.
             Was an Elder of Hepliaklqana.
             Mangled by a two-headed ogre
             ... wielding a +0 giant club
              (24 damage)
             ... on level 14 of the Dungeon.
             The game lasted 00:25:47 (27815 turns).

cbfl8 the Tortoise (Minotaur Fighter)              Turns: 27815, Time: 00:25:48

Health: -10/111    AC: 15    Str: 22    XL:     14   Next: 9%
Magic:  13/13      EV:  8    Int:  5    God:    Hepliaklqana [****..]
Gold:   757        SH:  6    Dex: 14    Spells: 13/13 levels left

rFire   . . .      SeeInvis .   w - +7 broad axe (venom)
rCold   . . .      Faith    +   c - +0 buckler
rNeg    + . .      Spirit   .   o - +0 chain mail
rPois   .          Reflect  .   (helmet restricted)
rElec   .          Harm     .   r - +0 cloak
rCorr   .          Rampage  .   (no gloves)
Will    ++...                   (no boots)
Stlth   ..........              i - amulet of faith
HPRegen 0.28/turn               u - ring of willpower
MPRegen 0.13/turn               h - ring of Fajo {rN+ Stlth+}

@: no status effects
A: reduced essence, horns 2, retaliatory headbutt
a: Renounce Religion, Recall Ancestor, Ancestor Identity, Transference, Idealise


You were on level 14 of the Dungeon.
You worshipped Hepliaklqana.
Hepliaklqana was greatly pleased with you.
You visited 2 branches of the dungeon, and saw 16 of its levels.
You also visited: Ossuary.

You collected 1114 gold pieces.
You spent 357 gold pieces at shops.

Inventory:

Hand Weapons
 v - the +1 hand axe "Peurpha" {elec, rN+ Str+2 Dex+2}
   (You took it off a gnoll on level 6 of the Dungeon)

   It occasionally discharges a powerful burst of electricity upon striking a
   foe.
   Str:       It affects your strength (+2).
   Dex:       It affects your dexterity (+2).
   rN:        It protects you from negative energy.
 w - a +7 broad axe of venom (weapon)
Missiles
 C - a throwing net
Armour
 c - a +0 buckler (worn)
 o - a +0 chain mail (worn)
 r - a +0 cloak (worn)
Jewellery
 b - an amulet of regeneration
 h - the ring of Fajo (right hand) {rN+ Stlth+}
   (You took it off a wight on level 10 of the Dungeon)

   [ring of positive energy]

   rN:        It protects you from negative energy.
   Stlth:     It makes you more stealthy.
 i - an amulet of faith (around neck)
 u - a ring of willpower (left hand)
 D - a +4 ring of protection
Wands
 a - a wand of paralysis (2)
 f - a wand of mindburst (14) (quivered)
 I - a wand of flame (9)
Scrolls
 e - 5 scrolls of noise
 g - 9 scrolls of teleportation
 j - a scroll of enchant armour
 l - a scroll of silence
 m - a scroll of blinking
 s - 3 scrolls of fog
 x - a scroll of magic mapping
 A - 2 scrolls of fear
 H - a scroll of brand weapon
Potions
 d - a potion of magic {unknown}
 k - 6 potions of flight
 n - a potion of invisibility
 p - a potion of might
 q - 2 potions of resistance
 t - a potion of mutation
 z - 2 potions of haste
 B - 6 potions of curing
 E - a potion of cancellation {unknown}
 F - a potion of berserk rage {unknown}
 G - a potion of heal wounds
Miscellaneous
 y - a piece from Xom's chessboard (15/15)


   Skills:
 + Level 11.0 Fighting
 + Level 15.6 Axes
 * Level 9.7 Throwing
 * Level 15.8 Armour
 - Level 0.9 Dodging
 - Level 1.6 Stealth
 + Level 6.9 Shields
 * Level 8.6 Evocations


You had 13 spell levels left.
You didn't know any spells.
Your spell library contained the following spells:

 Spells                   Type           Power      Damage    Failure   Level
 Corpse Rot               Necr/Air       0%         N/A       99%         2
 Poisonous Vapours        Pois/Air       0%         N/A       99%         2
 Static Discharge         Conj/Air       0%         N/A       99%         2
 Ignite Poison            Fire/Tmut/Pois 0%         N/A       100%        3
 Mephitic Cloud           Conj/Pois/Air  0%         N/A       100%        3
 Ozocubu's Armour         Ice            0%         N/A       100%        3
 Leda's Liquefaction      Hex/Erth       0%         N/A       100%        4
 Passage of Golubria      Tloc           0%         N/A       100%        4
 Freezing Cloud           Conj/Ice/Air   0%         6-21      100%        5
 Lee's Rapid Deconstruct  Erth           0%         3d5*      100%        5
 Lightning Bolt           Conj/Air       0%         1d11      100%        5
 Metabolic Englaciation   Hex/Ice        0%         N/A       100%        5
 Silence                  Hex/Air        0%         N/A       100%        5
 Simulacrum               Ice/Necr       0%         N/A       100%        6
 Statue Form              Tmut/Erth      0%         N/A       100%        6
 Lehudib's Crystal Spear  Conj/Erth      0%         10d2      100%        8
 Maxwell's Capacitive Co  Air            0%         ∞         100%        8


Dungeon Overview and Level Annotations

Branches:
Dungeon (15/15)            Temple (1/1) D:6            Lair (0/6) D:10
    Orc (0/2) D:12         Vaults (0/5) D:13        Ossuary (visited)
 Depths: D:15

Altars:
Ashenzari
Cheibriados
Dithmenos
Elyvilon
Fedhas
Gozag
Hepliaklqana
Kikubaaqudgha
Makhleb
Nemelex Xobeh
Okawaru
Qazlal
Ru
Sif Muna
Trog
Uskayaw
Vehumet
Wu Jian
Xom
Yredelemnul
Zin
The Shining One

Shops:
D:4 (   D:6 ?   D:9 =   D:10 (!*=   D:15 (

Portals:
Trove: D:12 (give +3 gold dragon scales)

Annotations:
D:3 1 runed translucent door, Crazy Yiuf


Innate Abilities, Weirdness & Mutations

Your life essence is reduced to manifest your ancestor. (-10% HP)
You have a pair of horns on your head.
You reflexively headbutt those who attack you in melee.


Message History

You climb upwards.
There is a stone staircase leading down here.
You are too injured to fight recklessly!
Unknown command.
You are too injured to fight recklessly!
You are too injured to fight recklessly!
Unknown command.
You are too injured to fight recklessly!
Unknown command.
You are too injured to fight recklessly!
Unknown command.
Valentine barely misses the two-headed ogre.
Things that are here:
a +0 dire flail; a +0 giant club You slice the two-headed ogre!!
The two-headed ogre is poisoned.
The two-headed ogre is heavily wounded.
The two-headed ogre hits Valentine with a +0 giant club!!
The two-headed ogre hits Valentine with a +0 giant club!
The two-headed ogre hits you with a +0 giant club!
The two-headed ogre barely misses you.
You hit the two-headed ogre.
You headbutt the two-headed ogre, but do no damage.
The two-headed ogre is heavily wounded.
Valentine barely misses the two-headed ogre.
The two-headed ogre hits Valentine with a +0 giant club!!
Valentine is destroyed!
You slice the two-headed ogre!!
You kill the two-headed ogre!
The two-headed ogre closely misses you.
The two-headed ogre hits you with a +0 giant club.
There is a stone staircase leading down, spattered with blood here.
Things that are here:
a +0 giant club; a +0 dire flail; a two-headed ogre corpse You slash the two-headed ogre!
The two-headed ogre is poisoned.
You headbutt the two-headed ogre, but do no damage.
The two-headed ogre is lightly wounded.
The two-headed ogre hits you with a +0 giant club!!
* * * LOW HITPOINT WARNING * * *
The two-headed ogre hits you with a +0 giant club!!
You die...

#....>....# ##### #.........#
##...## #.........# ##.....##
#.........# ##.......#
#.........# ##.......#
###.........# ##.......#
#...........# ...)....##
#.#.........#
###.....######.)@O.......#
##.............#####..####
##.............######.##
.......................#
.##...........#......#.#
.........##............#######
........###....#....#..#.....##
.......###..#.................##
.......###.##...#..#...........#


You could see a two-headed ogre (very poisoned).

Vanquished Creatures
  Josephine (D:10)
  2 vault guards (D:13)
  A hydra (D:13)
  2 boulder beetles
  A centaur warrior (D:14)
  4 two-headed ogres
  A fire crab (D:12)
  A sea snake (D:10)
  Pikel (D:5)
  A wizard (D:13)
  5 cyclopes
  9 ugly things
  3 orc sorcerers (D:15)
  A salamander (shapeshifter) (D:11)
  14 slime creatures
  4 centaur zombies (D:10)
  6 centaur skeletons (D:10)
  2 unseen horrors (D:12)
  2 gargoyles (D:12)
  Grinder (D:4)
  2 trolls (D:12)
  A wind drake (shapeshifter) (D:12)
  A meliai zombie (D:10)
  2 flying skulls (D:10)
  6 shadows
  Sigmund (D:3)
  18 yaks
  2 wraiths
  4 wyverns
  12 humans (D:13)
  3 vampire mosquitoes
  Menkaure (D:4)
  3 basilisks
  3 acid dragons
  A water moccasin (D:8)
  3 black bears
  2 ice beasts (D:6)
  A hornet zombie (D:5)
  7 orc warriors
  A necrophage (D:5)
  3 ogres
  15 centaurs
  2 phantoms
  2 kobold brigands
  5 bullfrogs
  2 scorpions
  2 elf skeletons (D:8)
  5 wights
  11 killer bees
  3 howler monkeys
  5 hounds
  A human zombie (Ossuary)
  12 orc priests
  A jelly (D:6)
  2 human skeletons (D:8)
  A gnoll shaman (D:9)
  An iguana (D:5)
  Terence (D:3)
  13 orc wizards
  2 killer bee zombies (D:8)
  A hound skeleton (D:4)
  3 mummies (Ossuary)
  10 gnolls
  11 adders
  A howler monkey skeleton (D:10)
  2 white imps
  2 ufetubi
  An adder zombie (Ossuary)
  5 worms
  3 dart slugs
  23 orcs
  7 endoplasms
  7 giant cockroaches
  3 goblins
  9 hobgoblins
  3 jackals (D:3)
  14 kobolds
  9 quokkas
  8 ball pythons
  5 bats
  2 frilled lizards (D:2)
  3 goblin zombies (Ossuary)
  A hobgoblin zombie (Ossuary)
  5 kobold zombies (Ossuary)
  2 orc skeletons (D:8)
  A quokka skeleton (D:4)
  4 quokka zombies (Ossuary)
  5 rats
  3 rat zombies (Ossuary)
378 creatures vanquished.

Vanquished Creatures (collateral kills)
  A vault guard (D:13)
  A hydra (D:13)
  A catoblepas (D:13)
  2 two-headed ogres
  2 centaur warriors
  A wizard (D:13)
  A cyclops (D:14)
  3 ugly things
  2 centaur zombies
  3 centaur skeletons (D:10)
  A gargoyle (D:13)
  A komodo dragon (D:10)
  2 unseen horrors
  A troll (D:12)
  2 flying skulls (D:10)
  A wraith (D:10)
  4 yaks
  6 humans (D:13)
  A wyvern (D:10)
  3 vampire mosquitoes
  3 hell hounds (D:15)
  A water moccasin (shapeshifter) (D:14)
  An orc warrior (D:10)
  A wight (D:10)
  2 howler monkeys
  2 orc priests (D:9)
  A gnoll (D:9)
  2 orcs
52 creatures vanquished.

Vanquished Creatures (others)
  A manticore (D:12)
  11 battlemagi
  6 ancestors
18 creatures vanquished.

Grand Total: 448 creatures vanquished

Notes
Turn   | Place    | Note
-------+----------+-------------------------------------------
     0 | D:1      | cbfl8 the Minotaur Fighter began the quest for the Orb.
     0 | D:1      | Reached XP level 1. HP: 19/19 MP: 0/0
   201 | D:1      | Reached XP level 2. HP: 24/27 MP: 1/1
   887 | D:1      | Reached XP level 3. HP: 33/33 MP: 2/2
  1044 | D:2      | Reached skill level 1 in Evocations
  1156 | D:2      | Reached skill level 1 in Throwing
  1468 | D:2      | Reached XP level 4. HP: 37/40 MP: 3/3
  1561 | D:2      | Found a snail-covered altar of Cheibriados.
  2178 | D:3      | Noticed Terence
  2189 | D:3      | Killed Terence
  2256 | D:3      | Reached XP level 5. HP: 41/46 MP: 4/4
  2262 | D:3      | Reached skill level 5 in Armour
  2648 | D:3      | Found a glowing golden altar of the Shining One.
  2669 | D:3      | Found a snail-covered altar of Cheibriados.
  2745 | D:3      | Found a sacrificial altar of Ru.
  2786 | D:3      | Noticed Sigmund
  2971 | D:3      | Reached XP level 6. HP: 48/53 MP: 5/5
  3125 | D:3      | Found a runed translucent door.
  3126 | D:3      | Noticed Crazy Yiuf
  3170 | D:3      | Killed Sigmund
  3397 | D:4      | Noticed Grinder
  3402 | D:4      | Reached XP level 7. HP: 6/60 MP: 6/6
  3810 | D:4      | Found Plog's Antique Weapon Shoppe.
  3953 | D:4      | Noticed Pikel
  3999 | D:5      | Entered Level 5 of the Dungeon
  4099 | D:5      | Killed Pikel
  4100 | D:5      | Reached skill level 5 in Fighting
  4100 | D:5      | Reached skill level 5 in Axes
  4465 | D:4      | Paralysed by Grinder for 5 turns
  4472 | D:4      | Killed Grinder
  4473 | D:4      | Reached XP level 8. HP: 16/68 MP: 7/7
  4889 | D:4      | Found a radiant altar of Vehumet.
  5000 | D:4      | Noticed Menkaure
  5008 | D:4      | Killed Menkaure
  6176 | D:5      | Found an opulent altar of Gozag.
  6969 | D:5      | Reached XP level 9. HP: 62/74 MP: 8/8
  7101 | D:6      | Identified the +1 hand axe "Peurpha" {elec, rN+ Str+2
                  | Dex+2}
  7108 | D:6      | Reached skill level 1 in Stealth
  7347 | D:6      | Found a staircase to the Ecumenical Temple.
  7412 | Temple   | Entered the Ecumenical Temple
  7703 | D:6      | Found a hazy altar of Hepliaklqana.
  8129 | D:6      | Found Keneh's Magic Scroll Emporium.
  8137 | D:6      | Bought a scroll of blinking for 82 gold pieces
  8137 | D:6      | Bought a scroll of identify for 22 gold pieces
  8137 | D:6      | Bought a scroll of teleportation for 33 gold pieces
  8262 | D:7      | Reached skill level 5 in Shields
  8281 | D:6      | Reached skill level 10 in Armour
  8817 | D:7      | Found a white marble altar of Elyvilon.
  9265 | D:6      | Became a worshipper of Hepliaklqana the Forgotten
  9365 | D:8      | Reached skill level 5 in Throwing
  9453 | D:8      | Noticed a cyclops
  9457 | D:8      | Found an ornate altar of the Wu Jian Council.
  9460 | D:8      | Found an iron altar of Okawaru.
  9538 | D:8      | Reached XP level 10. HP: 74/84 MP: 9/9
  9598 | D:8      | Found a sand-covered staircase.
  9607 | Ossuary  | Entered an ossuary
 10445 | D:8      | Noticed a brown ugly thing
 10744 | D:9      | Reached * piety under Hepliaklqana
 10744 | D:9      | Found Pienuic's Jewellery Shop.
 10949 | D:9      | Reached skill level 5 in Evocations
 11309 | D:9      | Reached skill level 10 in Axes
 11982 | D:9      | Found a glowing silver altar of Zin.
 12907 | D:10     | Entered Level 10 of the Dungeon
 12907 | D:10     | Found Fyteag's Weapon Boutique.
 13090 | D:10     | Noticed a centaur warrior
 13725 | D:9      | Reached XP level 11. HP: 36/82 MP: 10/10
 14231 | D:10     | Killed a centaur warrior
 15350 | D:10     | Found a staircase to the Lair.
 15492 | D:10     | Found Kup Rukk's Distillery.
 15581 | D:10     | Noticed a necromancer
 15596 | D:10     | Bought a potion of heal wounds for 80 gold pieces
 16201 | D:11     | Reached ** piety under Hepliaklqana
 16202 | D:11     | Remembered your ancestor Valentine as a battlemage
 16243 | D:10     | Killed a sea snake
 16311 | D:10     | Found Niviel's Assorted Antiques.
 16314 | D:10     | Identified the ring of Fajo {rN+ Stlth+}
 16373 | D:10     | Bought a scroll of identify for 56 gold pieces
 16373 | D:10     | Bought a scroll of teleportation for 84 gold pieces
 16382 | D:10     | Noticed Josephine
 16389 | D:10     | Killed Josephine
 16571 | D:10     | Reached XP level 12. HP: 72/92 MP: 11/11
 16757 | D:10     | Found Zitug's Jewellery Boutique.
 16861 | D:10     | Found a shimmering blue altar of Sif Muna.
 17735 | D:8      | Identified the +2 short sword of the Dwarven Hall {pain,
                  | *Corrode rN+ Will+ Stlth+}
 17935 | D:11     | Reached *** piety under Hepliaklqana
 17952 | D:11     | Noticed a two-headed ogre
 17960 | D:11     | Killed a two-headed ogre
 18985 | D:12     | Identified the +0 ring mail "Put-Me-On" {Harm rN+}
 19144 | D:12     | Noticed a boulder beetle
 19154 | D:12     | Killed a boulder beetle
 19168 | D:12     | Reached **** piety under Hepliaklqana
 19599 | D:12     | Noticed a four-headed hydra
 19912 | D:12     | Noticed a two-headed ogre
 19925 | D:12     | Killed a two-headed ogre
 20310 | D:12     | Found a staircase to the Orcish Mines.
 20878 | D:12     | Found a portal to a secret trove of treasure.
 21029 | D:13     | Noticed a catoblepas
 21175 | D:13     | Reached XP level 13. HP: 93/101 MP: 12/12
 21859 | D:13     | Reached skill level 10 in Fighting
 23396 | D:13     | Reached skill level 15 in Armour
 23825 | D:13     | Found a gate to the Vaults.
 24566 | D:14     | Reached skill level 15 in Axes
 25522 | D:14     | Found a burning altar of Makhleb.
 25522 | D:14     | Noticed a balrug
 26018 | D:15     | Entered Level 15 of the Dungeon
 26033 | D:15     | Found Yxutija's Weapon Shoppe.
 26908 | D:15     | Reached XP level 14. HP: 69/109 MP: 13/13
 27815 | D:14     | Mangled by a two-headed ogre

Illustrated notes

Levels and vault maps discovered:
D:1:      minmay_arrival_diagonal_passages, layout_loops_ring
D:2:      layout_basic, basic_altar, grunt_ministairs_13,
          kennysheep_generic_room_15
D:3:      layout_basic, nicolae_ru_path_of_blood, general_overflow_altar,
          kennysheep_slug_shrine, minmay_fractal_squares_gapless_5,
          uniq_sigmund, uniq_terence, uniq_crazy_yiuf_cottage
D:4:      minmay_angry_zag, layout_loops_ring, kennysheep_mini, serial_shops,
          shop_statue, uniq_menkaure, uniq_grinder, uniq_pikel
D:5:      minmay_clustersquares, layout_loops_ring,
          lemuel_coloured_pillars_altar, minmay_holes
D:6:      layout_rooms, nicolae_overflow_hidden_temple,
          minmay_temple_entry_junction, serial_shops, shop
D:7:      nicolae_cairo_tiling_large_dashed, layout_loops_cross,
          mainiacjoe_overflow_alcove_1
D:8:      layout_basic, lemuel_tele_altar, mainiacjoe_overflow_brackets,
          nicolae_ossuary_entry_catacombs, hellmonk_bongcloud_opening
D:9:      layout_basic, mainiacjoe_overflow_tiny_flanked, serial_shops,
          nicolae_take_the_stairs
D:10:     hangedman_screamer, layout_rooms, led_sif_pool, erik_lair_dragon,
          serial_shops, nicolae_shop_hallway_plus, shop, shop,
          nicolae_stop_n_shop_2
D:11:     layout_cave_pods
D:12:     hangedman_cross_stitches, layout_basic, enter_trove_6,
          amcnicky_mini_pool_medium
D:13:     layout_basic, grunt_vaults_entry_tiered
D:14:     layout_rooms, minmay_misc_feat_more_columns, makhleb_altar_promises_db
D:15:     grunt_enter_depths_magical_seal, layout_gridville, serial_shops,
          nicolae_shop_hallway_stairs, special_room [special_room_orc],
          nicolae_benzene_ring, minmay_rotating_lava
Temple:   minmay_temple_curvy_loop

Skill      XL: |  1  2  3  4  5  6  7  8  9 10 11 12 13 14 |
---------------+-------------------------------------------+-----
Armour         | 4 5 6 7 9 10 11 12 14 15 | 15.8
Evocations     | 1 2 3 4 5 6 7 8 |  8.6
Throwing       | 1 2 3 4 5 6 7 8 9 |  9.7
Axes           | 3 4 6 7 8 10 12 14 15 | 15.6
Shields        | 4 5 6 |  6.9
Fighting       | 4 5 6 7 8 9 10 11 | 11.0
Stealth        | 1 |  1.6
Dodging        | |  0.9

Action                   |  1- 3 |  4- 6 |  7- 9 | 10-12 | 13-15 || total
-------------------------+-------+-------+-------+-------+-------++-------
Melee: War axe           |    79 |    91 |   154 |       |       ||   324
       Headbutt          |    11 |    17 |    34 |   106 |    58 ||   226
       Broad axe         |       |       |    76 |   466 |   209 ||   751
       Hand axe          |       |       |     6 |       |       ||     6
Invok: Ancestor Identity |       |       |       |     1 |       ||     1
       Recall Ancestor   |       |       |       |     1 |       ||     1
       Ancestor Life: Ba |       |       |       |     1 |       ||     1
Evoke: Wand              |       |       |     2 |     2 |     5 ||     9
       Piece from Xom's  |       |       |       |     1 |       ||     1
  Use: Potion            |       |     1 |     7 |     2 |       ||    10
       Scroll            |       |       |    11 |    24 |     5 ||    40
 Stab: Distracted        |       |       |       |     4 |     7 ||    11
Armor: Scale mail        |    42 |    24 |       |       |       ||    66
       Chain mail        |       |       |   188 |   297 |   120 ||   605
Dodge: Dodged            |    38 |    31 |   121 |   173 |    77 ||   440
Block: Buckler           |    21 |    16 |    61 |   110 |    42 ||   250
